 Dungeon Crawl Stone Soup version 0.21.0 (webtiles) character file.

86690 Deadestbob the Warrior (level 15, 0/148 HPs)
             Began as a Minotaur Berserker on Jan 12, 2018.
             Was a High Priest of Trog.
             Drowned by a drowned soul (17 damage)
             ... summoned by a merfolk avatar
             ... on level 1 of the Shoals on Jan 16, 2018.
             The game lasted 07:31:50 (28348 turns).

Deadestbob the Warrior (Minotaur Berserker)        Turns: 28348, Time: 07:31:50

Health: 0/148      AC: 22    Str: 27    XL:     15   Next: 41%
Magic:  4/4        EV: 15    Int:  4    God:    Trog [*****.]
Gold:   1487       SH:  7    Dex: 16    Spells: 14/14 levels left

rFire    . . .     SeeInvis .   K - +5 broad axe (antimagic)
rCold    . . .     Gourm    .   p - +2 buckler
rNeg     + . .     Faith    .   j - +6 chain mail {MR+}
rPois    .         Spirit   .   (helmet restricted)
rElec    .         Reflect  .   M - +1 cloak
rCorr    .         Harm     .   G - +0 pair of gloves
MR       ++...                  (no boots)
Stlth    ..........             (no amulet)
HPRegen  0.34/turn              N - +5 ring of dexterity
MPRegen  0.09/turn              s - ring of positive energy

@: berserk cooldown, mesmerised, slowed, very slow
A: retaliatory headbutt, horns 2
a: Berserk, Trog's Hand, Brothers in Arms, Burn Spellbooks, Renounce Religion


You were on level 1 of the Shoals.
You worshipped Trog.
Trog was extremely pleased with you.
You were very hungry.

You visited 4 branches of the dungeon, and saw 23 of its levels.

You collected 2439 gold pieces.
You spent 952 gold pieces at shops.

Inventory:

Hand Weapons
 c - a +3 scimitar of flaming
 d - a +1 dire flail of protection
 f - a +1 battleaxe of flaming
 h - a +5 great sword of draining
 i - the +1 mace of Eduosm {elec, Str+4 Dex+5}
   (You bought it in a shop on level 8 of the Dungeon)

   Occasionally, upon striking a foe, it will discharge some electrical energy
   and cause terrible harm.
   It affects your strength (+4).
   It affects your dexterity (+5).
 B - a +2 antimagic triple sword
 K - a +5 antimagic broad axe (weapon)
 Q - a +2 mace of crushing
 Y - a +4 antimagic executioner's axe
Armour
 j - a +6 chain mail of magic resistance (worn)
 p - a +2 buckler (worn)
 w - a +4 crystal plate armour
 y - a +1 ring mail of cold resistance
 G - a +0 pair of gloves (worn)
 M - a +1 cloak (worn)
Jewellery
 q - an uncursed ring of protection from cold
 s - a ring of positive energy (right hand)
 N - a +5 ring of dexterity (left hand)
Wands
 m - a wand of polymorph (20)
 o - a wand of iceblast (5)
 v - a wand of digging (16)
 L - a wand of enslavement (13)
 R - a wand of paralysis (11)
 S - a wand of disintegration (7)
 U - a wand of clouds (5)
Scrolls
 g - a scroll of identify
 k - 7 scrolls of teleportation
 l - 7 scrolls of remove curse
 t - 4 scrolls of fog
 x - 2 scrolls of fear
 z - a scroll of random uselessness {unknown}
 D - a scroll of enchant armour
 F - 3 scrolls of enchant weapon
 O - a scroll of silence {unknown}
 P - a scroll of blinking {unknown}
Potions
 a - 5 potions of cancellation
 b - 3 potions of agility
 e - 5 potions of flight
 n - 2 potions of might
 r - 4 potions of curing
 u - a potion of invisibility
 C - 2 potions of ambrosia
 E - 3 potions of haste
 H - 4 potions of berserk rage
 I - a potion of resistance {unknown}
 J - 2 potions of mutation
Miscellaneous
 A - a box of beasts
 T - a lamp of fire
Comestibles
 W - 8 chunks of flesh
 X - 19 rations


   Skills:
 * Level 17.7 Fighting
 * Level 11.4 Long Blades
 * Level 16.4(17.1) Axes
 + Level 9.3(13.9) Maces & Flails
 + Level 13.0 Armour
 - Level 8.9 Dodging
 * Level 4.1 Shields


You had 14 spell levels left.
You didn't know any spells.

Dungeon Overview and Level Annotations

Branches:
Dungeon (13/15) Temple (0/1) D:6 Lair (6/6) D:11 Shoals (2/4) Lair:2 Spider (0/4) Lair:2 Orc (2/2) D:9 Elf (0/3) Orc:2 Vaults (0/5) D:12 D:13 Slime: Lair:5-6

Altars:
Cheibriados
Qazlal
Ru
Trog
Uskayaw
Xom
Yredelemnul
The Shining One
Beogh

Shops:
D:7 :   D:8 ?(:*   D:11 %   Orc:2 (?((   Shoals:1 }

Annotations:
D:11 Gastronok


Innate Abilities, Weirdness & Mutations

You reflexively headbutt those who attack you in melee.
You have a pair of horns on your head.


Message History

You cannot move away from the merfolk avatar!
You feel your anger nearly subside.
You are no longer berserk.
You are exhausted.
You feel yourself slow down.
The merfolk avatar chants its luring song.
The pull of its song draws you forwards. x2
The drowned soul touches you. The drowned soul drowns you!
The merfolk avatar chants its luring song.
The pull of its song draws you forwards.
The merfolk avatar chants its luring song.
The drowned soul touches you. The drowned soul drowns you!
* * * LOW HITPOINT WARNING * * *
The drowned soul returns to the deep!
The merfolk avatar chants its luring song.
The drowned soul touches you. The drowned soul drowns you!
* * * LOW HITPOINT WARNING * * *
The merfolk avatar chants its luring song.
The merfolk avatar chants its luring song.
The drowned soul touches you. The drowned soul drowns you!
You die...

*********************************
≈≈≈≈≈≈≈≈≈≈≈≈≈≈≈≈≈≈≈≈≈≈≈≈≈≈≈≈≈≈≈≈≈
≈≈≈≈≈≈≈≈≈≈≈≈≈≈≈≈≈≈≈≈≈≈≈≈≈≈≈≈≈≈≈≈≈
≈≈≈≈≈≈≈≈≈≈≈≈≈≈≈≈≈≈≈≈≈≈≈≈≈≈≈≈≈≈≈≈≈
≈≈≈≈≈≈≈≈≈≈≈≈≈≈≈≈≈≈≈≈≈W≈≈≈≈≈≈≈≈≈≈≈
≈≈≈≈≈≈≈≈≈≈≈≈≈≈≈≈≈≈≈≈≈≈≈≈≈≈≈≈≈≈≈≈≈
≈≈≈≈≈≈≈≈≈≈≈≈≈≈≈≈≈m≈≈≈≈≈≈≈≈≈≈≈≈≈≈≈
≈≈≈≈≈≈≈≈≈≈≈≈≈≈≈W≈≈≈≈≈≈≈≈≈≈≈≈≈≈≈≈≈
≈≈≈≈≈≈≈≈≈≈8≈≈≈≈≈@≈≈≈≈≈≈≈≈≈≈≈≈≈≈≈≈
≈≈,≈.....≈≈≈≈≈≈≈≈≈≈≈≈≈≈≈≈≈≈≈≈≈≈≈≈
≈,,.....8.∩.8≈≈≈≈≈≈≈≈W≈≈≈≈≈≈≈≈≈≈≈
≈,,.........≈≈≈≈≈≈≈≈≈≈≈W≈≈≈≈≈≈≈≈≈
≈,,.......8...≈≈≈≈≈≈≈≈≈≈≈≈≈≈≈≈≈≈≈
≈,,.................≈≈≈≈≈≈≈≈≈≈≈≈≈
≈,,..................≈≈≈≈≈≈≈≈≈≈≈≈
≈≈,................?.≈≈≈≈≈≈≈≈≈≈≈≈
≈≈,..............###..≈≈≈≈≈≈≈≈≈≈≈


You could see a merfolk avatar and 4 drowned souls.

Vanquished Creatures
  Rupert (D:12)
  The ghost of slippy the Spear-Bearer, an adept MfGl of Okawaru (Shoals:2)
  A dire elephant (Lair:6)
  Josephine (Lair:4)
  5 hydras
  11 two-headed ogres
  Erica (D:11)
  A centaur warrior (D:13)
  2 ogre magi (Orc:2)
  2 orc high priests (Orc:2)
  5 death yaks
  Nergalle (D:12)
  Urug (D:11)
  2 sea snakes
  2 deep trolls (Orc:2)
  An unseen horror (D:12)
  4 orc knights
  Pikel (D:9)
  A necromancer (Lair:3)
  An orc sorcerer (Orc:2)
  3 ugly things
  A wolf spider (Lair:6)
  4 cyclopes
  2 manticores
  A faun (Shoals:2)
  Psyche (D:9)
  6 black mambas
  2 rime drakes
  6 spiny frogs
  8 komodo dragons
  3 meliai (D:13)
  A hornet (D:11)
  10 polar bears
  2 merfolk (Shoals:1)
  18 trolls
  2 wind drakes
  A dream sheep (Shoals:1)
  Prince Ribbit (D:8)
  16 blink frogs
  12 hippogriffs
  2 wyverns
  5 water elementals
  A vampire (D:12)
  5 wraiths
  36 yaks
  7 basilisks
  16 humans
  2 hungry ghosts
  2 vampire mosquitoes
  Grum (D:10)
  8 wargs
  11 water moccasins
  17 hell hounds
  9 porcupines
  2 sky beasts (D:7)
  16 orc warriors
  A slave (D:9)
  2 eyes of draining (D:5)
  12 black bears
  A phantom (D:9)
  25 ice beasts
  2 elephant zombies (Lair:3)
  27 wolves
  6 centaurs
  26 ogres
  13 crocodiles
  3 big kobolds
  A komodo dragon zombie (Lair:3)
  13 bullfrogs
  A gnoll sergeant (D:12)
  3 wyvern zombies
  A water moccasin zombie (D:8)
  A wyvern skeleton (D:9)
  A water moccasin skeleton (D:8)
  17 killer bees
  3 scorpions
  3 wights (D:7)
  2 howler monkeys
  9 electric eels
  5 crimson imps
  3 centaur zombies
  A bullfrog zombie (D:11)
  4 jellies
  10 orc wizards
  3 bullfrog skeletons
  8 orc priests
  14 hounds
  2 centaur skeletons
  2 iguanas
  16 worker ants
  A killer bee zombie (D:8)
  A crocodile zombie (Lair:3)
  A hound skeleton (D:5)
  2 howler monkey zombies
  A mummy (D:8)
  Robin (D:3)
  A worker ant zombie (D:6)
  7 gnolls
  15 adders
  5 shadow imps
  An adder zombie (D:5)
  9 worms
  2 dart slugs (D:3)
  10 leopard geckos
  60 orcs
  10 bats
  7 giant cockroaches
  18 goblins
  14 hobgoblins
  8 jackals
  27 kobolds
  7 quokkas
  2 ball pythons
  5 frilled lizards
  A giant cockroach zombie (D:6)
  A leopard gecko skeleton (D:5)
  11 rats
  A bush (Lair:5)
  A fungus (Lair:2)
756 creatures vanquished.

Vanquished Creatures (collateral kills)
  A sea snake (Shoals:1)
  2 cyclopes
  2 trolls (Orc:1)
  A dream sheep (Shoals:1)
  4 centaurs (D:12)
  2 orc priests (Orc:1)
  An orc wizard (Orc:1)
  2 orcs (Orc:1)
15 creatures vanquished.

Vanquished Creatures (others)
  2 dream sheep (Lair:6)
  An orc (D:9)
  A bush (Lair:6)
  14 fungi
  20 plants
38 creatures vanquished.

Grand Total: 809 creatures vanquished

Notes
Turn   | Place    | Note
-------+----------+-------------------------------------------
     0 | D:1      | Deadestbob the Minotaur Berserker began the quest for the Orb.
     0 | D:1      | Reached XP level 1. HP: 19/19 MP: 0/0
    49 | D:1      | Reached XP level 2. HP: 21/27 MP: 1/1
   259 | D:1      | Reached skill level 4 in Fighting
   803 | D:1      | Reached ** piety under Trog
  1094 | D:1      | Reached XP level 3. HP: 33/33 MP: 2/2
  1426 | D:2      | Reached XP level 4. HP: 29/41 MP: 3/3
  1874 | D:2      | Found a glowing golden altar of the Shining One.
  2131 | D:3      | Noticed Robin
  2389 | D:2      | Reached skill level 5 in Fighting
  2436 | D:3      | Killed Robin
  2669 | D:3      | Reached XP level 5. HP: 48/48 MP: 4/4
  2707 | D:3      | Reached *** piety under Trog
  2826 | D:3      | Found a sacrificial altar of Ru.
  2827 | D:3      | Found a stormy altar of Qazlal.
  2828 | D:3      | Found a basalt altar of Yredelemnul.
  3071 | D:3      | Found a shimmering altar of Xom.
  3477 | D:4      | Noticed an ogre
  3497 | D:4      | Killed an ogre
  3497 | D:4      | Reached skill level 6 in Fighting
  3497 | D:4      | Reached skill level 5 in Axes
  3497 | D:4      | Reached XP level 6. HP: 57/57 MP: 5/5
  4453 | D:5      | Entered Level 5 of the Dungeon
  4940 | D:5      | Reached XP level 7. HP: 64/64 MP: 6/6
  5482 | D:5      | Reached **** piety under Trog
  5571 | D:5      | Found a bloodstained altar of Trog.
  5587 | D:5      | Reached skill level 7 in Fighting
  5591 | D:5      | Reached skill level 5 in Armour
  5714 | D:5      | Found a hide-covered altar of Uskayaw.
  6313 | D:6      | Found a staircase to the Ecumenical Temple.
  6472 | D:6      | Reached XP level 8. HP: 68/74 MP: 2/7
  6664 | D:6      | Reached skill level 5 in Dodging
  6684 | D:6      | Reached skill level 8 in Fighting
  7433 | D:7      | Reached skill level 9 in Fighting
  7477 | D:7      | Got a pair of spiked boots
  7490 | D:7      | Identified the cursed -4 pair of boots "Osmyhifa" {rC+ rN+ Slay+2} (You found it on level 7 of the Dungeon)
  7648 | D:8      | Found Biogu's Book Shop.
  7679 | D:8      | Reached ***** piety under Trog
  7686 | D:8      | Noticed a two-headed ogre
  7686 | D:8      | Reached XP level 9. HP: 80/83 MP: 2/8
  7725 | D:8      | Killed a two-headed ogre
  7725 | D:8      | Reached skill level 10 in Fighting
  7761 | D:8      | Found a glowing golden altar of the Shining One.
  7802 | D:8      | Found Tiggux's Assorted Antiques.
  7821 | D:8      | Got a faintly humming ring mail
  7837 | D:8      | Identified the cursed +1 ring mail of Ennui {rElec Str-4 SInv} (You found it on level 8 of the Dungeon)
  7861 | D:8      | Bought a scroll of remove curse for 93 gold pieces
  7861 | D:8      | Bought a scroll of identify for 62 gold pieces
  7913 | D:8      | Noticed Prince Ribbit
  7918 | D:8      | Killed Prince Ribbit
  7960 | D:8      | Found a snail-covered altar of Cheibriados.
  8015 | D:8      | Found Usmell's Weapon Emporium.
  8381 | D:8      | Found Ripniati's Magic Scroll Shoppe.
  8778 | D:8      | Reached skill level 10 in Axes
  8778 | D:8      | Reached XP level 10. HP: 94/94 MP: 3/9
  9014 | D:9      | Reached skill level 11 in Fighting
  9102 | D:9      | Received a gift from Trog
  9185 | D:9      | Noticed Psyche
  9197 | D:9      | Killed Psyche
  9252 | D:9      | Noticed Pikel
  9269 | D:9      | Killed Pikel
  9318 | D:9      | Found a staircase to the Orcish Mines.
  9359 | D:9      | Found a roughly hewn altar of Beogh.
  9779 | D:10     | Entered Level 10 of the Dungeon
 10285 | D:10     | Reached skill level 12 in Fighting
 10753 | D:11     | Noticed a red ugly thing
 10854 | D:10     | Reached XP level 11. HP: 105/105 MP: 10/10
 11122 | D:11     | Found a frozen archway.
 11341 | D:11     | Noticed Grum
 11362 | D:10     | Killed Grum
 11889 | D:11     | Noticed Urug
 11912 | D:11     | Killed Urug
 12174 | D:11     | Found a staircase to the Lair.
 12184 | D:11     | Noticed Erica
 12199 | D:11     | Killed Erica
 12199 | D:11     | Reached skill level 13 in Fighting
 12627 | D:11     | Received a gift from Trog
 13180 | D:8      | Bought the +1 mace of Eduosm {elec, Str+4 Dex+5} for 537 gold pieces
 13316 | Lair:1   | Entered Level 1 of the Lair of Beasts
 13441 | Lair:1   | Reached skill level 1 in Maces & Flails
 13803 | Lair:1   | Reached skill level 10 in Armour
 14193 | Lair:2   | Reached XP level 12. HP: 98/116 MP: 11/11
 14402 | Lair:2   | Reached skill level 14 in Fighting
 14572 | Lair:2   | Found a staircase to the Shoals.
 14907 | Lair:2   | Found a hole to the Spider Nest.
 15998 | Lair:3   | Reached skill level 1 in Long Blades
 16612 | Lair:3   | Reached skill level 5 in Maces & Flails
 16903 | Lair:3   | Reached skill level 15 in Fighting
 17186 | Lair:4   | Noticed a seven-headed hydra
 17193 | Lair:4   | Killed a seven-headed hydra
 17450 | Lair:4   | Noticed a seven-headed hydra
 17464 | Lair:4   | Killed a seven-headed hydra
 17545 | Lair:4   | Reached skill level 5 in Long Blades
 17599 | Lair:4   | Reached XP level 13. HP: 124/127 MP: 12/12
 17602 | Lair:4   | Noticed Josephine
 17613 | Lair:4   | Killed Josephine
 18655 | Lair:5   | Received a gift from Trog
 19335 | Lair:6   | Entered Level 6 of the Lair of Beasts
 19441 | Lair:5   | Reached ****** piety under Trog
 19600 | Lair:6   | Reached skill level 16 in Fighting
 19967 | Lair:6   | Noticed a dire elephant
 20166 | Lair:6   | Killed a dire elephant
 20392 | Lair:6   | Received a gift from Trog
 20692 | Lair:6   | Reached XP level 14. HP: 130/138 MP: 4/13
 20934 | Lair:6   | Reached skill level 15 in Axes
 21638 | D:11     | Noticed Gastronok
 21845 | Orc:1    | Entered Level 1 of the Orcish Mines
 22037 | Orc:2    | Entered Level 2 of the Orcish Mines
 22200 | Orc:2    | Received a gift from Trog
 22364 | Orc:1    | Found a shimmering altar of Xom.
 23203 | Orc:2    | Found a staircase to the Elven Halls.
 23598 | Orc:2    | Reached skill level 10 in Long Blades
 23730 | Orc:2    | Reached skill level 17 in Fighting
 24327 | Orc:2    | Found Feydiwif's Weapon Shop.
 24429 | Orc:2    | Found Kokhlod's Weapon Boutique.
 24431 | Orc:2    | Found Bekhlemig's Magic Scroll Shoppe.
 24453 | Orc:2    | Found Ruudd's Weapon Boutique.
 24759 | D:12     | Noticed Nergalle
 24771 | D:11     | Received a gift from Trog
 24867 | D:12     | Killed Nergalle
 25068 | D:13     | Found a gate to the Vaults.
 25068 | D:13     | Noticed Rupert
 25447 | D:12     | Reached skill level 1 in Shields
 25732 | D:12     | Reached XP level 15. HP: 143/147 MP: 4/14
 26004 | D:11     | Found Soiwuoh's Food Shop.
 26013 | D:11     | Bought a ration for 65 gold pieces
 26013 | D:11     | Bought a ration for 65 gold pieces
 26013 | D:11     | Bought a ration for 65 gold pieces
 26013 | D:11     | Bought a ration for 65 gold pieces
 26537 | D:12     | Killed Rupert
 26654 | D:13     | Received a gift from Trog
 27565 | D:13     | Found a sacrificial altar of Ru.
 27972 | Shoals:1 | Entered Level 1 of the Shoals
 28211 | Shoals:2 | Noticed slippy's ghost (adept MfGl)
 28234 | Shoals:2 | Killed slippy's ghost
 28330 | Shoals:1 | Found Kifiguw's Gadget Shop.
 28348 | Shoals:1 | Drowned by a drowned soul

Skill      XL: |  1  2  3  4  5  6  7  8  9 10 11 12 13 14 15 |
---------------+----------------------------------------------+-----
Fighting       | 4 5 6 7 9 10 12 13 15 16 17 | 17.7
Axes           | 4 5 6 8 10 11 13 14 16 | 16.4
Armour         | 3 4 5 6 7 8 10 11 12 13 | 13.0
Dodging        | 3 4 5 6 8 |  8.9
Maces & Flails | 2 5 7 8 9 |  9.3
Long Blades    | 5 8 10 11 | 11.4
Shields        | 1 4 |  4.1

Action                   |  1- 3 |  4- 6 |  7- 9 | 10-12 | 13-15 || total
-------------------------+-------+-------+-------+-------+-------++-------
Melee: Hand axe          |    77 |   204 |    44 |       |       ||   325
       Headbutt          |    14 |    35 |    49 |   163 |   220 ||   481
       War axe           |       |       |   216 |    18 |       ||   234
       Broad axe         |       |       |       |   259 |   613 ||   872
       Mace              |       |       |       |   271 |     3 ||   274
       Scimitar          |       |       |       |     9 |    61 ||    70
       Executioner's axe |       |       |       |       |   137 ||   137
Throw: Stone             |     6 |     2 |     4 |     8 |       ||    20
Invok: Berserk           |     3 |     5 |     8 |    14 |    22 ||    52
       Trog's Hand       |       |       |     4 |     8 |     7 ||    19
       Burn Spellbooks   |       |       |     2 |     2 |     1 ||     5
       Brothers in Arms  |       |       |       |     2 |     3 ||     5
Evoke: Wand              |       |       |       |    13 |    22 ||    35
       Lamp of fire      |       |       |       |       |     1 ||     1
  Use: Scroll            |     2 |     3 |     5 |    13 |    17 ||    40
       Potion            |       |     1 |     3 |     3 |     7 ||    14
 Stab: Paralysed         |       |       |       |     1 |     4 ||     5
       Confused          |       |       |       |       |     1 ||     1
  Eat: Chunk             |     2 |    10 |    11 |    30 |    34 ||    87
       Ration            |     1 |     2 |     3 |     5 |     7 ||    18
Armor: Animal skin       |    14 |       |       |       |       ||    14
       Scale mail        |       |    49 |       |       |       ||    49
       Chain mail        |       |    28 |   107 |   174 |   156 ||   465
       Crystal plate arm |       |       |       |    41 |   480 ||   521
Dodge: Dodged            |    31 |   105 |   132 |   385 |   519 ||  1172
Block: Buckler           |       |       |       |       |    65 ||    65
       Rpst.: Scimitar   |       |       |       |     1 |    10 ||    11
